cohdb
Replays
Latest Replays
All Replays
Popular Replays
Top Player Replays
Match Explorer
How It Works
Community
CoH3 Stats
Reddit
Sign in to upload your games and track your stats! →
Sign in with Steam
Match 41241109
Unlisted
Match 41241109
Overview
Messages
Build Orders
End
Pioneer Squad
Construct Infanterie Kompanie
Selects Terror Battlegroup
Selects Machine Gun Camouflage
Pioneer Squad
MG 42 Machine Gun Team
MG 42 Machine Gun Team
MG 42 Machine Gun Team
Grenadier Squad
Construct Panzergrenadier Kompanie
Panzergrenadier Squad
MG 42 Machine Gun Team
Construct Panzer Kompanie
Selects Defend the Fatherland
Pak 40 Anti-tank Gun Team
GrW 34 Mortar Team
Sturmpanzer IV Brummbär
Grenadier Squad
Pak 40 Anti-tank Gun Team
Pak 40 Anti-tank Gun Team
Panzer IV Medium Tank
Defend the Fatherland
Selects King Tiger Heavy Tank
Selects Interrogate
Selects Propaganda Leaflet Drop
King Tiger Heavy Tank
Pioneer Squad
Propaganda Leaflet Drop
Pak 40 Anti-tank Gun Team
Selects V1 Rocket Strike
V1 Rocket Strike
Stoßtruppen Squad
Pak 40 Anti-tank Gun Team
Kitsuné
Dumais
Rei
HulkSMASH
0
0
Comments
sign in to comment!
No comments posted yet!